AoeStats
← Pinhead Larry

Nomad

510465662Analyzed
4v4 RM · 2d ago on Oct 1, 2026· 37m 20s· 8 players
Game mode
Random Map
Map size
231×231
Population
200
Speed
Normal
Resources
Standard
Victory
Conquest
Starting age
Dark Age
Ending age
Imperial Age
RankedLock teamsTeams togetherTeam positionsShared explorationLock speedFull tech treeHidden civsTurbo modeCheats
Victory
Defeat
🇭🇰 Khitans · Hong Kong SAR China
1196
+14
🇧🇷 Tatars · Brazil
1192
+14
🇨🇳 Celts · China
1161
+16
1160
+16
🇲🇽 Spanish · Mexico
1185
-16
🇲🇽 Huns · Mexico
1175
-16
🇲🇽 Khmer · Mexico
1137
-14
🇲🇽 Dravidians · Mexico
1124
-14
天天一笑
8:00 Loom
16:52 Feudal Age
20:53 Castle Age
18:50 Double-Bit Axe
18:46 Horse Collar
20:30 Gold Mining
20:31 Stone Mining
22:50 Wheelbarrow
26:29 Arson
29:48 Forging
29:39 Scale Mail Armor
29:53 Forging
33:47 Chain Mail Armor
34:08 Iron Casting
40:01 Imperial Age
神山菊花
5:19 Loom
13:47 Feudal Age
14:30 Town Watch
15:53 Double-Bit Axe
19:14 Forging
18:51 Fishing Lines
24:04 Castle Age
25:26 Medium Warships
25:54 Iron Casting
25:14 Fletching
24:56 Heavy Cavalry Archer
25:42 Thumb Ring
25:59 Bow Saw
25:47 Gillnets
29:05 Wheelbarrow
29:24 Bodkin Arrow
29:30 Padded Archer Armor
30:43 Ballistics
33:16 Hand Cart
36:39 Domestication
39:42 Imperial Age
38:13 Leather Archer Armor
蒙古国海军司令
3:01 Loom
13:06 Feudal Age
14:06 Double-Bit Axe
15:59 Fishing Lines
18:54 Castle Age
17:55 Scale Barding Armor
18:01 Forging
20:14 Chain Barding Armor
21:32 Gillnets
25:16 Wheelbarrow
26:26 Horse Collar
26:59 Bow Saw
27:19 Husbandry
27:30 Bloodlines
28:00 Iron Casting
28:55 Hand Cart
34:39 Gold Mining
34:39 Stone Mining
37:23 Imperial Age
34:41 Treadmill Crane
35:44 Heavy Plow
35:32 Vendel Legacy
37:55 Stone Shaft Mining
dionathanbh
5:40 Loom
14:39 Feudal Age
16:26 Fletching
22:37 Castle Age
26:05 Scale Barding Armor
Picador Criminal Mutilador
5:11 Loom
13:21 Feudal Age
20:13 Castle Age
19:12 Bloodlines
19:14 Forging
19:09 Scale Barding Armor
20:27 Scale Barding Armor
20:39 Town Watch
25:17 Horse Collar
28:06 Double-Bit Axe
Pinhead Larry
3:42 Loom
13:55 Feudal Age
16:12 Fishing Lines
20:25 Castle Age
19:15 Double-Bit Axe
20:42 Stone Mining
21:23 Gold Mining
23:34 Husbandry
25:05 Gillnets
32:11 Fervor
33:23 Ballistics
Kuriboh
6:35 Loom
16:22 Feudal Age
17:23 Double-Bit Axe
21:17 Wheelbarrow
24:03 Fishing Lines
29:41 Castle Age
30:51 Medium Warships
34:10 Siphons
38:01 Clinker Construction
Black Mamba
4:48 Loom
15:21 Feudal Age
20:47 Double-Bit Axe
24:01 Castle Age
22:52 Horse Collar
23:14 Fletching
26:12 Wheelbarrow
26:12 Town Watch
Connection lost

Rejoining the realm…

Still unreachable

The connection could not be restored.

Session expired

The server has moved on; the page needs a fresh start.